 Dungeon Crawl Stone Soup version 0.26-a0-639-g72c4674329 (webtiles) character file.

Game seed: 7504024064445476128

4538 MrRokkomies the Destroyer (level 9, 0/62 HPs)
             Began as a Demigod Conjurer on Sept 16, 2020.
             Slain by Erica the jumping spider (4 damage)
             ... on level 9 of the Dungeon.
             The game lasted 00:16:30 (11253 turns).

MrRokkomies the Destroyer (Demigod Conjurer)       Turns: 11253, Time: 00:16:31

Health: 0/62       AC:  9    Str: 10    XL:     9   Next: 97%
Magic:  18/18      EV: 16    Int: 26    God:
Gold:   235        SH:  0    Dex: 14    Spells: 3/16 levels left

rFire    + + +     SeeInvis .   u - +4 dagger of the Assorted Villages {vorpal, *Contam rF++}
rCold    + . .     Faith    .   (no shield)
rNeg     . . .     Spirit   .   x - +1 leather armour {MR+}
rPois    .         Reflect  .   K - +2 helmet
rElec    .         Harm     .   (no cloak)
rCorr    .         Rampage  .   a - +1 pair of gloves of Distant Shores {+Fly rC+ Int-2 Stlth+}
MR       +....                  (no boots)
Stlth    +++.......             (no amulet)
HPRegen  0.20/turn              o - ring of protection from cold
MPRegen  0.16/turn              t - ring of fire

@: no status effects
A: high mp 1
a: Evoke Flight


You were on level 9 of the Dungeon.
You visited 1 branch of the dungeon, and saw 9 of its levels.

You collected 549 gold pieces.
You spent 314 gold pieces at shops.

Inventory:

Hand Weapons
 b - a +1 dagger
 m - the +2 whip of the Wilderness {freeze, rElec rN+}
   (You found it on level 6 of the Dungeon)

   It has been specially enchanted to freeze those struck by it, causing extra
   injury to most foes and up to half again as much damage against particularly
   susceptible opponents.
   It can also slow down cold-blooded creatures.
   It insulates you from electricity.
   It protects you from negative energy.
 q - a +0 arbalest
 u - the +4 dagger of the Assorted Villages (weapon) {vorpal, *Contam rF++}
   (You found it on level 6 of the Dungeon)

   It inflicts extra damage upon your enemies.
   It greatly protects you from fire.
   It causes magical contamination when unequipped.
 A - a +0 whip of electrocution
Missiles
 r - 26 bolts
 D - a throwing net
 N - 13 poisoned darts (quivered)
Armour
 a - the +1 pair of gloves of Distant Shores (worn) {+Fly rC+ Int-2 Stlth+}
   (You bought it in a shop on level 5 of the Dungeon)

   It affects your intelligence (-2).
   It protects you from cold.
   It lets you fly.
   It makes you more stealthy.
 x - a +1 leather armour of magic resistance (worn)
 K - a +2 helmet (worn)
Magical Staves
 z - an uncursed staff of fire {unknown}
Jewellery
 o - a ring of protection from cold (left hand)
 t - a ring of fire (right hand)
Wands
 w - a wand of iceblast (15)
 y - a wand of polymorph (1)
 I - a wand of flame (21)
 J - a wand of enslavement (8)
Scrolls
 c - 2 scrolls of enchant armour
 e - 5 scrolls of remove curse
 h - 6 scrolls of teleportation
 i - 2 scrolls of enchant weapon
 k - 2 scrolls of blinking
 E - a scroll of noise {unknown}
 F - 4 scrolls of identify
 H - a scroll of amnesia {unknown}
 L - a scroll of fog {unknown}
Potions
 d - a potion of berserk rage
 f - a potion of curing
 g - 3 potions of might
 j - 2 potions of haste
 l - a potion of heal wounds {unknown}
 n - 3 potions of lignification
 p - a potion of mutation
 s - a potion of degeneration {unknown}
 v - 3 potions of flight {unknown}
 B - a potion of stabbing {unknown}
 C - a potion of resistance {unknown}
 G - a potion of cancellation {unknown}
Miscellaneous
 M - a tin of tremorstones (3/3)


   Skills:
 * Level 8.5 Dodging
 - Level 1.7 Stealth
 - Level 4.0 Spellcasting
 * Level 9.3 Conjurations
 + Level 1.3 Hexes
 + Level 4.9 Translocations


You had 3 spell levels left.
You knew the following spells:

 Your Spells              Type           Power        Failure   Level
a - Magic Dart            Conj           ####         1%          1
b - Searing Ray           Conj           ######       1%          2
c - Fulminant Prism       Conj/Hex       ####......   13%         4
d - Iskenderun's Mystic   Conj/Tloc      #####...     6%          4
e - Blink                 Tloc           N/A          2%          2

Your spell library contained the following spells:

 Spells                   Type           Power        Failure   Level
 Dazzling Flash           Conj/Hex       ####..       3%          3
 Conjure Flame            Conj/Fire      #####...     4%          3
 Slow                     Hex            ##......     10%         2
 Mephitic Cloud           Conj/Pois/Air  ###.....     10%         3
 Call Imp                 Summ           #.......     17%         2


Dungeon Overview and Level Annotations

Branches:
Dungeon (9/15)             Temple (0/1) D:6
   Lair: D:8-11         Orc: D:9-12

Shops:
D:5 *

Annotations:
D:7 2 runed translucent doors, PirateVox's ghost, novice GnAK
D:9 Erica


Innate Abilities, Weirdness & Mutations

You have an increased reservoir of magic. (+10% MP)


Message History

Press: ? - help, Shift-Dir - straight line, f/p - Erica
Aim: Erica the jumping spider You throw a poisoned dart.
The poisoned dart hits Erica.
Erica is poisoned.
Unknown command.
Throwing (i - inventory. (/) - cycle)
N - 14 poisoned darts (quivered)
Press: ? - help, Shift-Dir - straight line, f/p - Erica
Aim: Erica the jumping spider (lightly wounded, poisoned)
You throw a poisoned dart. The poisoned dart hits Erica.
Erica looks even sicker.
Erica is lightly wounded.
Erica pounces on you!
* * * LOW HITPOINT WARNING * * *
Erica bites you.
* * * LOW HITPOINT WARNING * * *
The ice beast hits you.
* * * LOW HITPOINT WARNING * * *
The ice beast freezes you. You resist.
* * * LOW HITPOINT WARNING * * *
Erica barely misses you. Erica bites you.
You die...

...).............................
.........(.......................
#................................
#................................
.................................
.................................
.........°.....(.................
..........Ys................
...........@................
.###.....##.................
#...#####................ #...
#................ ####
###.......##..... #.......###....
###########.... ##..... #...(..


You could see Erica the jumping spider (very poisoned) and an ice beast.

Vanquished Creatures
  Erolcha (D:9)
  Pikel (D:5)
  Maurice (D:9)
  Prince Ribbit (D:7)
  Sigmund (D:3)
  A hippogriff (D:8)
  Edmund (D:6)
  Duvessa (D:7)
  A hornet zombie (D:7)
  An ice beast (D:5)
  A phantom (D:6)
  A necrophage (D:7)
  4 centaurs
  A lemure (D:5)
  Blork the orc (D:6)
  3 bullfrogs (D:6)
  A big kobold (D:7)
  Dowan (D:7)
  A water moccasin skeleton (D:4)
  2 scorpions
  3 wights (D:9)
  3 electric eels (D:8)
  2 howler monkeys (D:8)
  A jelly (D:9)
  3 hounds
  A bullfrog skeleton (D:4)
  A centaur skeleton (D:6)
  2 orc priests
  3 orc wizards (D:9)
  An iguana (D:8)
  8 worker ants
  8 adders
  A gnoll (D:1)
  2 howler monkey skeletons
  2 shadow imps
  3 oozes
  An ufetubus (D:5)
  3 adder skeletons
  4 worms
  2 dart slugs (D:1)
  6 leopard geckos
  21 orcs
  7 giant cockroaches
  12 goblins
  2 hobgoblins
  10 jackals
  8 kobolds
  2 quokkas (D:3)
  A ball python (D:5)
  4 bats
  3 frilled lizards
  A quokka skeleton (D:7)
  8 rats
165 creatures vanquished.

Vanquished Creatures (others)
  3 fulminant prisms (D:9)
  4 plants
  5 toadstools (D:1)
12 creatures vanquished.

Grand Total: 177 creatures vanquished

Notes
Turn   | Place    | Note
-------+----------+-------------------------------------------
     0 | D:1      | MrRokkomies the Demigod Conjurer began the quest for the
                  | Orb.
     0 | D:1      | Reached XP level 1. HP: 14/14 MP: 5/5
   280 | D:1      | Reached XP level 2. HP: 20/20 MP: 4/7
   435 | D:1      | Reached skill level 4 in Conjurations
   687 | D:1      | Reached XP level 3. HP: 26/26 MP: 5/8
  1046 | D:2      | Learned a level 2 spell: Searing Ray
  3046 | D:3      | Reached XP level 4. HP: 27/33 MP: 6/10
  3202 | D:3      | Noticed Sigmund
  3211 | D:3      | Killed Sigmund
  3211 | D:3      | Reached skill level 5 in Conjurations
  3211 | D:3      | Reached XP level 5. HP: 38/38 MP: 3/12
  3331 | D:3      | Found a blossoming altar of Fedhas.
  3773 | D:4      | Found a shattered altar of Ashenzari.
  3787 | D:3      | Reached XP level 6. HP: 33/45 MP: 9/13
  4878 | D:5      | Entered Level 5 of the Dungeon
  4884 | D:5      | Learned a level 4 spell: Fulminant Prism
  4889 | D:5      | Learned a level 4 spell: Iskenderun's Mystic Blast
  4923 | D:5      | Found an ornate altar of the Wu Jian Council.
  5038 | D:5      | Found a glowing golden altar of the Shining One.
  5346 | D:5      | Found Lituots's General Store.
  5441 | D:5      | Found a hazy altar of Hepliaklqana.
  5549 | D:5      | Reached XP level 7. HP: 50/50 MP: 10/15
  6606 | D:6      | Reached skill level 1 in Translocations
  6621 | D:6      | Got a smoking whip
  6631 | D:5      | Identified the cursed +2 whip of the Wilderness {freeze,
                  | rElec rN+} (You found it on level 6 of the Dungeon)
  6771 | D:6      | Reached skill level 5 in Dodging
  6771 | D:6      | Reached skill level 6 in Conjurations
  6927 | D:6      | Got an iridescent dagger
  6929 | D:6      | Identified the +4 dagger of the Assorted Villages {vorpal,
                  | *Contam rF++} (You found it on level 6 of the Dungeon)
  7062 | D:6      | Noticed Blork the orc
  7071 | D:6      | Killed Blork the orc
  7358 | D:6      | Noticed Pikel
  7664 | D:5      | Killed Pikel
  7664 | D:5      | Reached skill level 7 in Conjurations
  7664 | D:5      | Reached XP level 8. HP: 57/57 MP: 9/17
  7724 | D:6      | Found a staircase to the Ecumenical Temple.
  7776 | D:6      | Noticed Edmund
  7786 | D:6      | Killed Edmund
  7957 | D:6      | Found a sacrificial altar of Ru.
  7960 | D:6      | Found a stormy altar of Qazlal.
  7963 | D:6      | Found a white marble altar of Elyvilon.
  8084 | D:5      | Bought the +1 pair of gloves of Distant Shores {+Fly rC+
                  | Int-2 Stlth+} for 314 gold pieces
  8258 | D:7      | Learned a level 2 spell: Blink
  8262 | D:7      | Noticed Duvessa
  8272 | D:7      | Killed Duvessa
  8275 | D:7      | Noticed Dowan
  8280 | D:7      | Killed Dowan
  8558 | D:7      | Reached skill level 8 in Conjurations
  8558 | D:7      | Reached XP level 9. HP: 56/62 MP: 15/18
  8917 | D:7      | Noticed Prince Ribbit
  8924 | D:7      | Killed Prince Ribbit
  8992 | D:7      | Found a large runed translucent door.
  8992 | D:7      | Found a large runed translucent door.
  8999 | D:7      | Noticed PirateVox's ghost (novice GnAK)
  9655 | D:8      | Found a transporter.
  9742 | D:8      | Found a transporter.
 10317 | D:9      | Noticed Maurice
 10324 | D:9      | Killed Maurice
 10407 | D:9      | Noticed a two-headed ogre
 10476 | D:9      | Reached skill level 9 in Conjurations
 10810 | D:9      | Found an opulent altar of Gozag.
 10980 | D:9      | Noticed Erolcha
 10986 | D:9      | Noticed Erica
 10992 | D:9      | Killed Erolcha
 10992 | D:9      | Reached skill level 1 in Hexes
 11244 | D:9      | Noticed Erica
 11244 | D:9      | Erica changed into Erica the jumping spider
 11253 | D:9      | Slain by Erica the jumping spider

Illustrated notes

Levels and vault maps discovered:
D:1:      ldierk_walled_garden, layout_loops_cross
D:2:      layout_basic
D:3:      layout_rooms, fedhas_ov_isle_minmay, uniq_sigmund
D:4:      layout_loops_corners, lemuel_crystal_altar
D:5:      layout_layer_cave, lemuel_crystal_altar, basic_altar, serial_shops,
          kennysheep_mini, tso_metal_star
D:6:      layout_cave_pools, grunt_temple_overflow_diamond,
          minmay_temple_entry_wispy, uniq_blork_the_orc, uniq_pikel, uniq_edmund
D:7:      layout_basic, ebering_ghost_disaster_area, uniq_prince_ribbit1,
          uniq_duvessa
D:8:      gammafunk_steamed_eel, layout_basic, kennysheep_small_square
D:9:      layout_cross, nicolae_gozag_cash_rules_everything_around_me,
          uniq_erolcha, uniq_erica, uniq_maurice

Skill      XL: |  1  2  3  4  5  6  7  8  9 |
---------------+----------------------------+-----
Dodging        | 2 3 4 6 7 8 |  8.5
Spellcasting   | 2 3 4 |  4.0
Conjurations   | 4 5 7 8 9 |  9.3
Translocations | 2 3 4 |  4.9
Hexes          | 1 |  1.3
Stealth        | |  1.7

Action                   |  1- 3 |  4- 6 |  7- 9 || total
-------------------------+-------+-------+-------++-------
Melee: Dagger            |    65 |   108 |   158 ||   331
       Whip              |       |       |    38 ||    38
       Flail             |       |       |     7 ||     7
Throw: Dart              |       |       |     3 ||     3
 Cast: Magic Dart        |    69 |     3 |    11 ||    83
       Searing Ray       |     4 |    16 |    29 ||    49
       Iskenderun's Myst |       |       |     5 ||     5
       Fulminant Prism   |       |       |     3 ||     3
Evoke: Wand              |       |       |     5 ||     5
  Use: Scroll            |     4 |     4 |     9 ||    17
       Potion            |       |       |     2 ||     2
 Stab: Sleeping          |     1 |     3 |    11 ||    15
       Distracted        |       |       |     1 ||     1
Armor: Robe              |     4 |    33 |    14 ||    51
       Leather armour    |       |       |    44 ||    44
Dodge: Dodged            |    52 |   114 |   259 ||   425

Table legend: (Time is in decaauts)
 A = Elapsed time spent in this place.
 B = Non-inter-level travel time spent in this place.
 C = Inter-level travel time spent in this place.
 D = Time resting spent in this place.
 E = Time spent auto-exploring this place.
 F = Levels seen in this place.
 G = Mean time per level.
                   A        B        C        D        E       F      G
               +--------+--------+--------+--------+--------+-----+--------+
         Total |  11269 |  10717 |    552 |    792 |   8550 |   9 | 1252.1 |
       Dungeon |  11269 |  10717 |    552 |    792 |   8550 |   9 | 1252.1 |
               +--------+--------+--------+--------+--------+-----+--------+

Top non-repeatable levels by time:
     D:5: 2049 daAuts
     D:2: 1693 daAuts
     D:8: 1503 daAuts
     D:3: 1237 daAuts
     D:4: 1129 daAuts
     D:6: 1101 daAuts
     D:1: 1000 daAuts
     D:7: 995 daAuts
     D:9: 557 daAuts
